 Dungeon Crawl Stone Soup version 0.31-a0-774-g0d66cbabe8 (webtiles) character file.

Game seed: 12917449933116843070

63 Skeral the Ruffian (level 3, 0/33 (35) HPs)
             Began as a Troll Shapeshifter on Sept 18, 2023.
             Succumbed to Crazy Yiuf's poison
             ... on level 2 of the Dungeon.
             The game lasted 00:02:52 (1587 turns).

Skeral the Ruffian (Troll Shapeshifter)             Turns: 1587, Time: 00:02:52

HP:   0/33 (35)     AC:  4    Str: 22    XL:     3   Next: 89%
MP:   2/2           EV:  9    Int:  6    God:
Gold: 169           SH:  0    Dex: 11    Spells: 2/2 levels left

rFire   . .          .
                       - Unarmed
rCold   . . .        (no shield)
rNeg    . . .        a - +0 animal skin
rPois   .            (helmet currently unavailable)
rElec   .            (cloak currently unavailable)
rCorr   .            (gloves unavailable)
SInv    .            (boots unavailable)
Will    +....        (no amulet)
Stlth   +            (no ring)
HPRegen 1.05/turn    (no ring)
MPRegen 0.08/turn

%: no passive effects
@: lethally poisoned (0 -> -7), beast-form, enlightened, flying, drained
A: beast (slay +1), large, unfitting armour, claws 3, regeneration 1, shaggy fur
1, tough skin 1
a: Begin Untransformation


You were on level 2 of the Dungeon.
You were a hulking beast.
You visited 1 branch of the dungeon, and saw 2 of its levels.

You collected 169 gold pieces.


Innate Abilities, Weirdness & Mutations

You are a hulking beast.
Your limbs bulge with bestial killing power. (Slay +1)
You are too large for most types of armour.
You have claws for hands.
Your natural rate of healing is unusually fast.
You are covered in fur. (AC +1)
You have tough skin. (AC +1)


   Skills:
 + Level 2.2 Fighting
 - Level 1.5 Dodging
 + Level 4.0 Unarmed Combat
 - Level 3.0 Shapeshifting


You had 2 spell levels left.
You didn't know any spells.
Your spell library contained the following spells:

 Spells                   Type           Power      Damage    Failure   Level
 Shock                    Conj/Air       0%         1d3       45%         1
 Summon Small Mammal      Summ           0%         N/A       45%         1
 Sublimation of Blood     Necr           0%         N/A       58%         2
 Wereblood                Tmut           0%         N/A       58%         2
 Call Canine Familiar     Summ           0%         N/A       83%         3
 Summon Guardian Golem    Hex/Summ       0%         N/A       83%         3
 Swiftness                Air            0%         N/A       83%         3
 Airstrike                Air            0%         2d(0-16)  99%         4
 Irradiate                Conj/Tmut      0%         3d11      100%        5
 Summon Hydra             Summ           0%         N/A       100%        7

Inventory:

Hand Weapons
 k - the +9 dagger "Fout" {spect, rPois rN+}
   (You found it on level 2 of the Dungeon)

   rPois:     It protects you from poison rN+: It protects you from negative
   energy.
Missiles
 l - 2 boomerangs
 p - 5 silver javelins
Armour
 a - a +0 animal skin (worn)
Talismans
 c - a beast talisman (active)
 d - a flux talisman
Scrolls
 e - 2 scrolls of identify {unknown}
 i - 3 scrolls of vulnerability {unknown}
 j - a scroll of blinking {unknown}
 n - a scroll of enchant armour {unknown}
 o - a scroll of revelation {unknown}
Potions
 b - a potion of lignification {!q}
 f - a potion of enlightenment
 g - a potion of attraction {unknown}
 h - a potion of resistance {unknown}
 m - a potion of haste {unknown}
 q - a potion of mutation {unknown}

Dungeon Overview and Level Annotations

Branches:
Dungeon (2/15) Zot: 10421

Altars:

Annotations:
D:2 Crazy Yiuf

..........#......................
###..#.#.##................######
##..#.#.##..........#...........
#.....##################........
##..#..# #...#.... #....##
#...#.... ######.##### ###
####.#.... ...........## ###..)#
#....#.... ######......####hg...#
#######... #...).PP.#..##...#
#..#####'# #.##....#.### ###
##.##..... #.######### #.##.....
#.### ##<.'.....
#...################..##.....
######....(..................
#......###..#.#####.###......
#.....................#.#+#+#


You could see Crazy Yiuf.


Message History

As you open the door, it creaks loudly!
There is an open door here.
You open the door.
There is an open door here.
Found a stone staircase leading down.
A goblin comes into view. It is wielding a +0 club.
There is a stone staircase leading down here.
The goblin shouts!
You claw the goblin!
You kill the goblin!
Things that are here:
a +0 club; a goblin corpse You open the door.
There is an open door here.
As you open the door, it creaks loudly!
There is an open door here.
o - a scroll labelled BOFAECETYW
There is an open door here.
There is an open door here.
You open the door.
There is an open door here.
A rat comes into view.
A ball python comes into view.
You claw the rat!
You kill the rat!
The ball python hisses angrily.
Your Unarmed Combat skill increases to level 4!
A worm comes into view.
The ball python closely misses you. The ball python barely misses you.
The ball python bites you but does no damage.
You completely miss the ball python.
The ball python bites you but does no damage.
You closely miss the ball python. The ball python barely misses you.
You claw the ball python!
You kill the ball python!
You completely miss the worm. The worm bites you! 😮 HP[-9]
You take 9 damage, and now have 26/35 hp.
MASSIVE DAMAGE!! (PAUSE)
You barely miss the worm. 😕 HP[+1]
You claw the worm! The worm bites you! 😮 HP[-6]
You take 6 damage, and now have 21/35 hp.
You scratch the worm. The worm barely misses you. 😮 HP[+1]
You scratch the worm. 😮 HP[+1]
You claw the worm!
You kill the worm! 😮 HP[+2]
You regained 2 hp, and now have 25/35 hp.
You start resting. 😎 HP[+10]
Your hp is fully restored (35).
p - 5 silver javelins You now have 169 gold pieces (gained 10).
Found a brightly glowing buckler.
q - a viscous brown potion You see here the +1 buckler of Fallacy {rPois}.
You see here 3 stones.
There is a stone staircase leading up here.
There is a stone staircase leading up here.
You see here a +0 sling.
There is an open door here.
You open the door.
There is an open door here.
You see here 4 stones.
Crazy Yiuf says, "Powder return to song canine!"
You open the door.
You scratch Crazy Yiuf but do no damage.
You scratch Crazy Yiuf.
Crazy Yiuf hits you with a +4 quarterstaff of chaos.
Crazy Yiuf burns you. 😕 HP[-8]
You take 8 damage, and now have 27/35 hp.
MASSIVE DAMAGE!! (PAUSE)
You closely miss Crazy Yiuf.
Crazy Yiuf whimpers, "Blight!
Gnoll return to song stair."
Crazy Yiuf hits you with a +4 quarterstaff of chaos!
* * * LOW HITPOINT WARNING * * *
You are poisoned. 😨 HP[-10]
You take 10 damage, and now have 17/35 hp.
MASSIVE DAMAGE!! (PAUSE)
You barely miss Crazy Yiuf.
You feel very sick.
Crazy Yiuf hits you with a +4 quarterstaff of chaos!
* * * LOW HITPOINT WARNING * * *
You feel drained.
* * * LOW HITPOINT WARNING * * *
😱 HP[-14]
You now have 33 max hp (-2).
You take 14 damage, and now have 3/33 hp.
MASSIVE DAMAGE!! (PAUSE) It was a potion of enlightenment.
You feel very buoyant.
You fly up into the air.
You die...

Skill      XL: |  1  2  3 |
---------------+----------+-----
Fighting       | 1 2 |  2.2
Unarmed Combat | 4 |  4.0
Dodging        | |  1.5
Shapeshifting  | |  3.0

Action                     || total
---------------------------++-------
  Melee: Unarmed           ||   113
         Punch             ||     1
    Use: Potion            ||     1
   Stab: Sleeping          ||     1
 Armour: Animal skin       ||    65
  Dodge: Dodged            ||    45

Levels and vault maps discovered:
D:1:      minmay_arrival_three_doors, layout_loops_ring,
          hellmonk_ecumenical_altar_zigzags
D:2:      layout_basic, uniq_crazy_yiuf_cottage

Notes
Turn   | Place    | Note
-------+----------+-------------------------------------------
     0 | D:1      | Skeral the Troll Shapeshifter began the quest for the Orb.
     0 | D:1      | Reached XP level 1. HP: 18/18 MP: 0/0
     0 | D:1      | magus.rc [v1.10.3]
    47 | D:1      | You pick up a book of Changes and begin reading...
    47 | D:1      | You add the spells Wereblood and Irradiate to your library.
    59 | D:1      | Reached skill level 1 in Fighting
   125 | D:1      | Reached XP level 2. HP: 24/27 MP: 1/1
   381 | D:1      | Found a faded altar of an unknown god.
   642 | D:1      | Reached XP level 3. HP: 34/35 MP: 2/2
   664 | D:1      | You pick up a book of Blood and begin reading...
   664 | D:1      | You add the spells Sublimation of Blood and Summon Hydra to
                  | your library.
   844 | D:2      | You pick up a book of Air and begin reading...
   844 | D:2      | You add the spells Shock, Swiftness and Airstrike to your
                  | library.
   849 | D:2      | Identified the +9 dagger "Fout" {spect, rPois rN+}
   925 | D:2      | You pick up a book of Callings and begin reading...
   925 | D:2      | You add the spells Summon Small Mammal, Call Canine
                  | Familiar and Summon Guardian Golem to your library.
   970 | D:2      | Reached skill level 2 in Fighting
  1161 | D:2      | Found a runed translucent door.
  1162 | D:2      | Noticed Crazy Yiuf
  1357 | D:2      | Reached skill level 4 in Unarmed Combat
  1423 | D:2      | Identified the +1 buckler of Fallacy {rPois}
  1586 | D:2      | HP: 5/35 [Crazy Yiuf/+4 quarterstaff of chaos (9)]
  1587 | D:2      | Succumbed to Crazy Yiuf's poison

Vanquished Creatures
  An adder (D:2)
  A worm (D:2)
  3 dart slugs
  3 endoplasms (D:1)
  A giant cockroach (D:1)
  5 goblins
  3 hobgoblins
  4 jackals (D:1)
  A kobold (D:1)
  3 quokkas (D:1)
  4 ball pythons
  4 bats
  5 frilled lizards
  5 rats
43 creatures vanquished.

Table legend:
 A = Non-vault XP
 B = Vault XP
 C = Vault XP percentage of total XP
 D = Non-vault monster count
 E = Vault monster count
 F = Vault count percentage of total count
                 A         B        C        D         E       F
            +---------+---------+-------+---------+---------+-------
      Total |      91 |       0 |   0.0 |      43 |       0 |   0.0
            +---------+---------+-------+---------+---------+-------
        D:1 |      51 |       0 |   0.0 |      28 |       0 |   0.0
        D:2 |      40 |       0 |   0.0 |      15 |       0 |   0.0
            +---------+---------+-------+---------+---------+-------

Skill      XL: |  1  2  3 |
---------------+----------+-----
Fighting       | 1 2 |  2.2
Unarmed Combat | 4 |  4.0
Dodging        | |  1.5
Shapeshifting  | |  3.0

Action                     || total
---------------------------++-------
  Melee: Unarmed           ||   113
         Punch             ||     1
    Use: Potion            ||     1
   Stab: Sleeping          ||     1
 Armour: Animal skin       ||    65
  Dodge: Dodged            ||    45

Illustrated notes

Table legend:
 A = Kills in this place as a percentage of kills in the entire game.
 B = Kills by you in this place as a percentage of kills by you in the entire game.
 C = Kills by friends in this place as a percentage of kills by friends in the entire game.
 D = Other kills in this place as a percentage of other kills in the entire game.
 E = Experience gained in this place as a percentage of experience gained in the entire game.
 F = Experience gained in this place divided by the number of levels of this place that you have seen.
                   A       B       C       D       E      F
               +-------+-------+-------+-------+-------+----------------------
         Total | 100.0 | 100.0 |   N/A |   N/A | 100.0 |  45.5
       Dungeon | 100.0 | 100.0 |   N/A |   N/A | 100.0 |  45.5
               +-------+-------+-------+-------+-------+----------------------

Table legend: (Time is in decaauts)
 A = Elapsed time spent in this place.
 B = Non-inter-level travel time spent in this place.
 C = Inter-level travel time spent in this place.
 D = Time resting spent in this place.
 E = Time spent auto-exploring this place.
 F = Levels seen in this place.
 G = Mean time per level.
                   A        B        C        D        E       F      G
               +--------+--------+--------+--------+--------+-----+--------+
         Total |   1578 |   1531 |     47 |     10 |   1191 |   2 |  789.0 |
       Dungeon |   1578 |   1531 |     47 |     10 |   1191 |   2 |  789.0 |
               +--------+--------+--------+--------+--------+-----+--------+

Top non-repeatable levels by time:
     D:1: 819 daAuts
     D:2: 759 daAuts
